 Dungeon Crawl Stone Soup version 0.31.0-12-g77e489cdc1 (webtiles) character file.

Game seed: 2911713899128196509

3857 Metae the Protected (level 9, -1/82 HPs)
             Began as a Minotaur Fighter on Feb 14, 2024.
             Was a Priest of Uskayaw.
             Slain by an eight-headed hydra (12 damage)
             ... on level 8 of the Dungeon.
             The game lasted 00:21:51 (5678 turns).

Metae the Protected (Minotaur Fighter)              Turns: 5678, Time: 00:21:52

Health: -1/82      AC: 13    Str: 30    XL:     9   Next: 99%
Magic:  6/9        EV: 12    Int:  5    God:    Uskayaw [***...]
Gold:   331        SH:  6    Dex: 15    Spells: 8/8 levels left

rFire   . . .        N - +11 short sword of Ezeedusi {pain, Str+5}
rCold   . . .        c - +0 buckler
rNeg    . . .        C - +0 chain mail
rPois   .            (helmet restricted)
rElec   +            v - +0 cloak
rCorr   .            (no gloves)
SInv    .            s - +0 pair of boots of Pride {rElec Regen+ Dex+5}
Will    .....        (no amulet) Stlth
                     (no ring)
HPRegen 1.13/turn    (no ring)
MPRegen 0.11/turn

%: no passive effects
@: no status effects
A: horns 2, retaliatory headbutt
a: Renounce Religion, Stomp, Line Pass


You were on level 8 of the Dungeon.
You worshipped Uskayaw.
Uskayaw was noncommittal.
You visited 2 branches of the dungeon, and saw 9 of its levels.
You also visited: Sewer.

You collected 483 gold pieces.
You spent 152 gold pieces at shops.

Inventory:

Hand Weapons
 m - a +0 short sword of venom
 L - a +1 dagger of draining
 N - the +11 short sword of Ezeedusi (weapon) {pain, Str+5}
   (You found it on level 7 of the Dungeon)

   Str+5:     It affects your strength (+5).
Missiles
 g - a curare-tipped dart
 w - 4 javelins (quivered)
Armour
 c - a +0 buckler (worn)
 s - the +0 pair of boots of Pride (worn) {rElec Regen+ Dex+5}
   (You found it on level 3 of the Dungeon)

   Dex+5:     It affects your dexterity (+5).
   rElec:     It insulates you from electricity.
   Regen+:    It increases your rate of health regeneration.
 v - a +0 cloak (worn)
 C - a +0 chain mail (worn)
 F - a +3 chain mail of fire resistance
Jewellery
 k - a ring of fire
Talismans
 t - a storm talisman
Wands
 a - a wand of iceblast (12)
 D - a wand of paralysis (6)
 H - a wand of polymorph (7)
 M - a wand of flame (21)
Scrolls
 b - a scroll of fear {unknown}
 e - 2 scrolls of enchant armour
 n - 3 scrolls of teleportation
 p - 2 scrolls of vulnerability
 u - a scroll of brand weapon
 y - a scroll of fog {unknown}
 G - a scroll of poison {unknown}
 I - a scroll of blinking {unknown}
 J - a scroll of silence {unknown}
 K - a scroll of amnesia {unknown}
 O - a scroll of revelation {unknown}
Potions
 d - 2 potions of might
 f - 3 potions of heal wounds
 h - 2 potions of brilliance {unknown}
 i - 2 potions of cancellation {unknown}
 j - 6 potions of mutation
 l - a potion of berserk rage
 o - a potion of attraction {unknown}
 q - 2 potions of resistance {unknown}
 r - a potion of ambrosia {unknown}
 x - 3 potions of curing
 z - 3 potions of magic {unknown}
 A - 2 potions of invisibility {unknown}
 B - 3 potions of haste {unknown}
 E - 2 potions of enlightenment {unknown}


   Skills:
 + Level 8.5 Fighting
 + Level 6.7 Short Blades
 - Level 2.8 Polearms
 + Level 8.5 Armour
 + Level 6.9 Dodging
 - Level 8.0 Shields
 + Level 2.2 Invocations


You had 8 spell levels left.
You didn't know any spells.
Your spell library contained the following spells:

 Spells                   Type           Power      Damage    Failure   Level
 Apportation              Tloc           0%         N/A       91%         1
 Necrotise                Necr           0%         1d4       91%         1
 Sting                    Conj/Alch      0%         1d3       91%         1
 Summon Small Mammal      Summ           0%         N/A       91%         1
 Call Imp                 Summ           0%         N/A       97%         2
 Cigotuvi's Dreadful Rot  Necr/Alch/Air  0%         N/A       97%         2
 Sublimation of Blood     Necr           0%         N/A       97%         2
 Dazzling Flash           Conj/Hex       0%         N/A       99%         3
 Mephitic Cloud           Conj/Alch/Air  0%         N/A       99%         3
 Ignite Poison            Fire/Alch      0%         N/A       100%        4
 Curse of Agony           Necr           0%         N/A       100%        5
 Freezing Cloud           Conj/Ice/Air   0%         6-21      100%        5
 Silence                  Hex/Air        0%         N/A       100%        5
 Summon Hydra             Summ           0%         N/A       100%        7


Dungeon Overview and Level Annotations

Branches:
Dungeon (8/15)             Temple (1/1) D:6           Sewer (visited)
   Lair: D:8-11

Altars:
Ashenzari
Cheibriados
Dithmenos
Elyvilon
Fedhas
Hepliaklqana
Kikubaaqudgha
Makhleb
Nemelex Xobeh
Okawaru
Qazlal
Ru
Sif Muna
Trog
Uskayaw
Vehumet
Wu Jian
Xom
Yredelemnul
Zin
The Shining One

Shops:
D:7 :!*


Innate Abilities, Weirdness & Mutations

You have a pair of horns on your head.
You reflexively headbutt those who attack you in melee.


Message History

The eight-headed hydra bites you but does no damage. x3
The eight-headed hydra bites you.
Uskayaw will force your foes to share their pain.
Uskayaw links your audience in an emotional bond!
You barely miss the eight-headed hydra.
The eight-headed hydra is heavily wounded.
The eight-headed hydra bites you.
The eight-headed hydra completely misses you.
The eight-headed hydra barely misses you.
You block the eight-headed hydra's attack.
The eight-headed hydra barely misses you.
The eight-headed hydra closely misses you.
You block the eight-headed hydra's attack.
The eight-headed hydra bites you but does no damage.
You hear some strange, mumbled words.
A puff of flame appears from out of thin air!
The puff of flame hits you!
You stomp with the beat, sending a shockwave through the revellers around you!
The eight-headed hydra is severely wounded.
Reactivating autopickup.
You feel a bit more experienced. The eight-headed hydra bites you.
The eight-headed hydra closely misses you.
The eight-headed hydra bites you!
The eight-headed hydra bites you but does no damage.
The eight-headed hydra closely misses you.
The eight-headed hydra bites you.
* * * LOW HITPOINT WARNING * * *
The eight-headed hydra barely misses you.
The eight-headed hydra bites you but does no damage.
The eight-headed hydra is no longer sharing its pain.
The eight-headed hydra bites you.
* * * LOW HITPOINT WARNING * * *
You block the eight-headed hydra's attack.
The eight-headed hydra bites you but does no damage.
The eight-headed hydra closely misses you. x2
You block the eight-headed hydra's attack.
The eight-headed hydra bites you!
* * * LOW HITPOINT WARNING * * *
The eight-headed hydra bites you!
You die...

......##...####.........
.########..# #...).....(
########.# #..##.....(
....#.....###..# .####
...............## #
................# .#
................# ..#
...........)....###..#
..........@D.........#.
.......................
...............#.......
...............#.......
.....#..)))...........
###..#####.)..#.....#. #
#))#..........
#........#....
###...........


You could see an eight-headed hydra.

Vanquished Creatures
  A centaur warrior (D:8)
  Pikel (D:6)
  Prince Ribbit (D:6)
  Sigmund (D:4)
  Edmund (D:5)
  A vampire mosquito (D:8)
  Menkaure (D:7)
  An orc warrior (D:8)
  3 ice beasts
  3 sky beasts (D:7)
  3 centaurs
  3 ogres
  A phantom (D:5)
  A kobold brigand (Sewer)
  A bullfrog (D:7)
  2 scorpions
  4 orc priests
  Crazy Yiuf (D:3)
  3 sleepcaps
  4 iguanas
  4 orc wizards
  9 adders
  6 river rats (Sewer)
  2 dart slugs
  10 orcs
  5 endoplasms
  5 giant cockroaches
  7 goblins
  4 hobgoblins
  3 quokkas (D:4)
  10 ball pythons
  5 bats
  6 frilled lizards
  19 kobolds
  27 rats
159 creatures vanquished.

Notes
Turn   | Place    | Note
-------+----------+-------------------------------------------
     0 | D:1      | Metae the Minotaur Fighter began the quest for the Orb.
     0 | D:1      | Reached XP level 1. HP: 19/19 MP: 0/0
    71 | D:1      | Reached XP level 2. HP: 27/27 MP: 1/1
  1044 | D:2      | Reached skill level 1 in Dodging
  1044 | D:2      | Reached XP level 3. HP: 33/33 MP: 2/2
  1383 | D:2      | Found a snail-covered altar of Cheibriados.
  1461 | D:3      | Found a runed translucent door.
  1462 | D:3      | Noticed Crazy Yiuf
  1565 | D:3      | Identified the +0 pair of boots of Pride {rElec Regen+
                  | Dex+5}
  1721 | D:3      | Found a shimmering blue altar of Sif Muna.
  1721 | D:3      | Found a radiant altar of Vehumet.
  1793 | D:3      | Reached XP level 4. HP: 40/40 MP: 3/3
  1819 | D:3      | Found a glowing silver altar of Zin.
  1832 | D:3      | Reached skill level 1 in Short Blades
  2027 | D:3      | Killed Crazy Yiuf
  2358 | D:4      | Reached XP level 5. HP: 47/47 MP: 4/4
  2563 | D:4      | Noticed Sigmund
  2582 | D:4      | Killed Sigmund
  2583 | D:4      | Reached skill level 5 in Fighting
  2583 | D:4      | Reached skill level 5 in Armour
  2583 | D:4      | Reached skill level 5 in Shields
  2583 | D:4      | Reached XP level 6. HP: 51/56 MP: 5/5
  2623 | D:4      | Found a glowing drain.
  2642 | Sewer    | Entered a sewer
  2836 | Sewer    | Reached XP level 7. HP: 53/61 MP: 6/6
  3671 | D:5      | Entered Level 5 of the Dungeon
  3787 | D:5      | Noticed Edmund
  3808 | D:5      | Killed Edmund
  4352 | D:6      | Reached XP level 8. HP: 48/70 MP: 7/7
  4442 | D:6      | Noticed Pikel
  4457 | D:6      | Killed Pikel
  4458 | D:6      | Reached skill level 5 in Dodging
  4582 | D:6      | Noticed Prince Ribbit
  4595 | D:6      | Killed Prince Ribbit
  4596 | D:6      | Reached skill level 5 in Short Blades
  4821 | D:6      | Reached XP level 9. HP: 75/79 MP: 8/8
  4894 | D:6      | Found a staircase to the Ecumenical Temple.
  4928 | Temple   | Entered the Ecumenical Temple
  4943 | Temple   | Became a worshipper of Uskayaw the Reveller
  4986 | D:7      | Found a basalt altar of Yredelemnul.
  4997 | D:7      | Identified the +11 short sword of Ezeedusi {pain, Str+5}
  5034 | D:7      | Found Tinugh's Assorted Antiques.
  5045 | D:7      | Bought a worn fluorescent wand for 108 gold pieces
  5049 | D:7      | Reached * piety under Uskayaw
  5080 | D:7      | Found Bacrec's Book Shoppe.
  5095 | D:7      | Reached ** piety under Uskayaw
  5224 | D:7      | Found Ubrorgh's Distillery.
  5225 | D:7      | Noticed Menkaure
  5233 | D:7      | Killed Menkaure
  5245 | D:7      | Bought a potion of might for 44 gold pieces
  5283 | D:7      | Found a glowing golden altar of the Shining One.
  5519 | D:8      | Reached *** piety under Uskayaw
  5520 | D:8      | Reached **** piety under Uskayaw
  5577 | D:8      | Noticed a centaur warrior
  5590 | D:8      | Killed a centaur warrior
  5655 | D:8      | Noticed an eight-headed hydra
  5678 | D:8      | Slain by an eight-headed hydra

Illustrated notes

Levels and vault maps discovered:
D:1:      roderic_crossed_star, layout_basic, minivault_26
D:2:      layout_basic, basic_altar, minmay_pentomino_o2
D:3:      layout_rooms, general_overflow_altar, gammafunk_temple_overflow_pools,
          uniq_crazy_yiuf_cottage
D:4:      layout_basic, portal_sewer_entry_f, kennysheep_flooded_box,
          uniq_sigmund
D:5:      layout_gridville, nrook_campfire, uniq_edmund
D:6:      layout_rooms, minmay_temple_entry_nine_rooms, uniq_pikel,
          uniq_prince_ribbit1
D:7:      layout_cave_pools, kennysheep_little_box,
          mainiacjoe_overflow_tiny_flanked, serial_shops, nicolae_shop_trees,
          nicolae_square_shop, nicolae_shop_tiny_glass,
          chequers_serial_rivers_marsh, uniq_menkaure
D:8:      minmay_cut_squares, layout_rooms, dreamdust_princess_corridor,
          kb_rosetta
Temple:   nicolae_temple_superstar

Skill      XL: |  1  2  3  4  5  6  7  8  9 |
---------------+----------------------------+-----
Fighting       | 4 5 6 7 8 |  8.5
Shields        | 4 5 6 7 8 |  8.0
Dodging        | 1 2 3 4 5 6 |  6.9
Armour         | 4 5 6 7 8 |  8.5
Short Blades   | 1 2 4 5 6 |  6.7
Invocations    | 2 |  2.2
Polearms       | |  2.8

Action                     |  1- 3 |  4- 6 |  7- 9 || total
---------------------------+-------+-------+-------++-------
  Melee: Trident           |    46 |       |       ||    46
         Short sword       |    48 |   128 |   284 ||   460
         Headbutt          |     7 |    22 |    65 ||    94
  Throw: Javelin           |       |       |     3 ||     3
 Invoke: Stomp             |       |       |     1 ||     1
    Use: Scroll            |       |     7 |     1 ||     8
   Stab: Paralysed         |       |       |     4 ||     4
 Armour: Scale mail        |    50 |    97 |    23 ||   170
         Chain mail        |       |       |   167 ||   167
  Dodge: Dodged            |    32 |    77 |   118 ||   227
  Block: Buckler           |    17 |    43 |    61 ||   121
